Workbook

Sheet Paramètres
A1: Paramètres généraux
A3: Exercice | B3: Date de clôture | C3: Devise | D3: Seuil de matérialité (€)
A4: 2025 | B4: 2025-12-31 | C4: EUR | D4: 5000
A6: Liste des statuts
A7: Statuts
A8: À faire
A9: En cours
A10: OK
A11: N/A
A12: Anomalie

Sheet Achats_Fournisseurs
A1: Achats / Fournisseurs (401/408/409/44566)
A3: Mode d’emploi (résumé) :
A4: Renseignez les tests effectués et liez les pièces. Statut via liste déroulante (À faire / En cours / OK / N/A / Anomalie).
A5: Les champs Montant/Matérialité aident à qualifier les écarts.
A7: Rubrique / Poste | B7: Assertion (Exhaustivité / Existence / Évaluation / Droits / Présentation) | C7: Procédure / Test réalisé | D7: Pièce(s) / Référence | E7: Constat / Anomalie | F7: Recommandation | G7: Montant testé (€) | H7: Seuil de matérialité (€) | I7: Responsable | J7: Échéance | K7: Statut | L7: Conclusion | M7: Réf. Dossier (nomenclature)

Sheet Ventes_Clients
A1: Ventes / Clients (411/418/419/44571)
A3: Mode d’emploi (résumé) :
A4: Renseignez les tests effectués et liez les pièces. Statut via liste déroulante (À faire / En cours / OK / N/A / Anomalie).
A5: Les champs Montant/Matérialité aident à qualifier les écarts.
A7: Rubrique / Poste | B7: Assertion (Exhaustivité / Existence / Évaluation / Droits / Présentation) | C7: Procédure / Test réalisé | D7: Pièce(s) / Référence | E7: Constat / Anomalie | F7: Recommandation | G7: Montant testé (€) | H7: Seuil de matérialité (€) | I7: Responsable | J7: Échéance | K7: Statut | L7: Conclusion | M7: Réf. Dossier (nomenclature)

Sheet Tresorerie_Banques
A1: Trésorerie / Banques (512/53x)
A3: Mode d’emploi (résumé) :
A4: Renseignez les tests effectués et liez les pièces. Statut via liste déroulante (À faire / En cours / OK / N/A / Anomalie).
A5: Les champs Montant/Matérialité aident à qualifier les écarts.
A7: Rubrique / Poste | B7: Assertion (Exhaustivité / Existence / Évaluation / Droits / Présentation) | C7: Procédure / Test réalisé | D7: Pièce(s) / Référence | E7: Constat / Anomalie | F7: Recommandation | G7: Montant testé (€) | H7: Seuil de matérialité (€) | I7: Responsable | J7: Échéance | K7: Statut | L7: Conclusion | M7: Réf. Dossier (nomenclature)

Sheet Immobilisations_Amort
A1: Immobilisations & Amortissements (2xx/6811/28x)
A3: Mode d’emploi (résumé) :
A4: Renseignez les tests effectués et liez les pièces. Statut via liste déroulante (À faire / En cours / OK / N/A / Anomalie).
A5: Les champs Montant/Matérialité aident à qualifier les écarts.
A7: Rubrique / Poste | B7: Assertion (Exhaustivité / Existence / Évaluation / Droits / Présentation) | C7: Procédure / Test réalisé | D7: Pièce(s) / Référence | E7: Constat / Anomalie | F7: Recommandation | G7: Montant testé (€) | H7: Seuil de matérialité (€) | I7: Responsable | J7: Échéance | K7: Statut | L7: Conclusion | M7: Réf. Dossier (nomenclature)

Sheet Stocks_WIP
A1: Stocks & Encours (3xx/603/7135)
A3: Mode d’emploi (résumé) :
A4: Renseignez les tests effectués et liez les pièces. Statut via liste déroulante (À faire / En cours / OK / N/A / Anomalie).
A5: Les champs Montant/Matérialité aident à qualifier les écarts.
A7: Rubrique / Poste | B7: Assertion (Exhaustivité / Existence / Évaluation / Droits / Présentation) | C7: Procédure / Test réalisé | D7: Pièce(s) / Référence | E7: Constat / Anomalie | F7: Recommandation | G7: Montant testé (€) | H7: Seuil de matérialité (€) | I7: Responsable | J7: Échéance | K7: Statut | L7: Conclusion | M7: Réf. Dossier (nomenclature)

Sheet Paie_Charges_Sociales
A1: Paie & Charges sociales (64x/43x)
A3: Mode d’emploi (résumé) :
A4: Renseignez les tests effectués et liez les pièces. Statut via liste déroulante (À faire / En cours / OK / N/A / Anomalie).
A5: Les champs Montant/Matérialité aident à qualifier les écarts.
A7: Rubrique / Poste | B7: Assertion (Exhaustivité / Existence / Évaluation / Droits / Présentation) | C7: Procédure / Test réalisé | D7: Pièce(s) / Référence | E7: Constat / Anomalie | F7: Recommandation | G7: Montant testé (€) | H7: Seuil de matérialité (€) | I7: Responsable | J7: Échéance | K7: Statut | L7: Conclusion | M7: Réf. Dossier (nomenclature)

Sheet Fiscalite_TVA_IS
A1: Fiscalité : TVA / IS / Taxes (445/695/447)
A3: Mode d’emploi (résumé) :
A4: Renseignez les tests effectués et liez les pièces. Statut via liste déroulante (À faire / En cours / OK / N/A / Anomalie).
A5: Les champs Montant/Matérialité aident à qualifier les écarts.
A7: Rubrique / Poste | B7: Assertion (Exhaustivité / Existence / Évaluation / Droits / Présentation) | C7: Procédure / Test réalisé | D7: Pièce(s) / Référence | E7: Constat / Anomalie | F7: Recommandation | G7: Montant testé (€) | H7: Seuil de matérialité (€) | I7: Responsable | J7: Échéance | K7: Statut | L7: Conclusion | M7: Réf. Dossier (nomenclature)

Sheet Capitaux_Propres
A1: Capitaux propres (101 à 118)
A3: Mode d’emploi (résumé) :
A4: Renseignez les tests effectués et liez les pièces. Statut via liste déroulante (À faire / En cours / OK / N/A / Anomalie).
A5: Les champs Montant/Matérialité aident à qualifier les écarts.
A7: Rubrique / Poste | B7: Assertion (Exhaustivité / Existence / Évaluation / Droits / Présentation) | C7: Procédure / Test réalisé | D7: Pièce(s) / Référence | E7: Constat / Anomalie | F7: Recommandation | G7: Montant testé (€) | H7: Seuil de matérialité (€) | I7: Responsable | J7: Échéance | K7: Statut | L7: Conclusion | M7: Réf. Dossier (nomenclature)

Sheet Emprunts_DettesFin
A1: Emprunts & Dettes financières (16x/661/168)
A3: Mode d’emploi (résumé) :
A4: Renseignez les tests effectués et liez les pièces. Statut via liste déroulante (À faire / En cours / OK / N/A / Anomalie).
A5: Les champs Montant/Matérialité aident à qualifier les écarts.
A7: Rubrique / Poste | B7: Assertion (Exhaustivité / Existence / Évaluation / Droits / Présentation) | C7: Procédure / Test réalisé | D7: Pièce(s) / Référence | E7: Constat / Anomalie | F7: Recommandation | G7: Montant testé (€) | H7: Seuil de matérialité (€) | I7: Responsable | J7: Échéance | K7: Statut | L7: Conclusion | M7: Réf. Dossier (nomenclature)

Sheet Provisions_Engagements
A1: Provisions & Engagements (15x/6815)
A3: Mode d’emploi (résumé) :
A4: Renseignez les tests effectués et liez les pièces. Statut via liste déroulante (À faire / En cours / OK / N/A / Anomalie).
A5: Les champs Montant/Matérialité aident à qualifier les écarts.
A7: Rubrique / Poste | B7: Assertion (Exhaustivité / Existence / Évaluation / Droits / Présentation) | C7: Procédure / Test réalisé | D7: Pièce(s) / Référence | E7: Constat / Anomalie | F7: Recommandation | G7: Montant testé (€) | H7: Seuil de matérialité (€) | I7: Responsable | J7: Échéance | K7: Statut | L7: Conclusion | M7: Réf. Dossier (nomenclature)

Sheet CutOff_CCA_FAE
A1: Cut-off : CCA/FAE/CAD (486/487)
A3: Mode d’emploi (résumé) :
A4: Renseignez les tests effectués et liez les pièces. Statut via liste déroulante (À faire / En cours / OK / N/A / Anomalie).
A5: Les champs Montant/Matérialité aident à qualifier les écarts.
A7: Rubrique / Poste | B7: Assertion (Exhaustivité / Existence / Évaluation / Droits / Présentation) | C7: Procédure / Test réalisé | D7: Pièce(s) / Référence | E7: Constat / Anomalie | F7: Recommandation | G7: Montant testé (€) | H7: Seuil de matérialité (€) | I7: Responsable | J7: Échéance | K7: Statut | L7: Conclusion | M7: Réf. Dossier (nomenclature)

Sheet Intercos
A1: Opérations & Soldes intra-groupes
A3: Mode d’emploi (résumé) :
A4: Renseignez les tests effectués et liez les pièces. Statut via liste déroulante (À faire / En cours / OK / N/A / Anomalie).
A5: Les champs Montant/Matérialité aident à qualifier les écarts.
A7: Rubrique / Poste | B7: Assertion (Exhaustivité / Existence / Évaluation / Droits / Présentation) | C7: Procédure / Test réalisé | D7: Pièce(s) / Référence | E7: Constat / Anomalie | F7: Recommandation | G7: Montant testé (€) | H7: Seuil de matérialité (€) | I7: Responsable | J7: Échéance | K7: Statut | L7: Conclusion | M7: Réf. Dossier (nomenclature)

Sheet Ecritures_Inventaire
A1: Écritures d'inventaire & régularisations
A3: Mode d’emploi (résumé) :
A4: Renseignez les tests effectués et liez les pièces. Statut via liste déroulante (À faire / En cours / OK / N/A / Anomalie).
A5: Les champs Montant/Matérialité aident à qualifier les écarts.
A7: Rubrique / Poste | B7: Assertion (Exhaustivité / Existence / Évaluation / Droits / Présentation) | C7: Procédure / Test réalisé | D7: Pièce(s) / Référence | E7: Constat / Anomalie | F7: Recommandation | G7: Montant testé (€) | H7: Seuil de matérialité (€) | I7: Responsable | J7: Échéance | K7: Statut | L7: Conclusion | M7: Réf. Dossier (nomenclature)

Sheet Tableau_de_bord
A1: Dossier de révision — Tableau de bord
A3: Exercice | B3: Date de clôture | C3: Devise | D3: Seuil matérialité (€)
A4: ='Paramètres'!A4 -> 0 | B4: ='Paramètres'!B4 -> 0 | C4: ='Paramètres'!C4 -> 0 | D4: ='Paramètres'!D4 -> 0
A6: Avancement par cycle
A7: Cycle | B7: Tâches (non vides) | C7: OK | D7: En cours | E7: À faire | F7: N/A | G7: Anomalie | H7: Avancement %
A8: Achats_Fournisseurs | B8: =COUNTA(='Achats_Fournisseurs'!$A$7:$A$500) -> 0 | C8: =COUNTIF(='Achats_Fournisseurs'!$K$7:$K$500,"OK") -> 0 | D8: =COUNTIF(='Achats_Fournisseurs'!$K$7:$K$500,"En cours") -> 0 | E8: =COUNTIF(='Achats_Fournisseurs'!$K$7:$K$500,"À faire") -> 0 | F8: =COUNTIF(='Achats_Fournisseurs'!$K$7:$K$500,"N/A") -> 0 | G8: =COUNTIF(='Achats_Fournisseurs'!$K$7:$K$500,"Anomalie") -> 0 | H8: =IFERROR(C8/(C8+D8+E8+G8),0) -> 0
A9: Ventes_Clients | B9: =COUNTA(='Ventes_Clients'!$A$7:$A$500) -> 0 | C9: =COUNTIF(='Ventes_Clients'!$K$7:$K$500,"OK") -> 0 | D9: =COUNTIF(='Ventes_Clients'!$K$7:$K$500,"En cours") -> 0 | E9: =COUNTIF(='Ventes_Clients'!$K$7:$K$500,"À faire") -> 0 | F9: =COUNTIF(='Ventes_Clients'!$K$7:$K$500,"N/A") -> 0 | G9: =COUNTIF(='Ventes_Clients'!$K$7:$K$500,"Anomalie") -> 0 | H9: =IFERROR(C9/(C9+D9+E9+G9),0) -> 0
A10: Tresorerie_Banques | B10: =COUNTA(='Tresorerie_Banques'!$A$7:$A$500) -> 0 | C10: =COUNTIF(='Tresorerie_Banques'!$K$7:$K$500,"OK") -> 0 | D10: =COUNTIF(='Tresorerie_Banques'!$K$7:$K$500,"En cours") -> 0 | E10: =COUNTIF(='Tresorerie_Banques'!$K$7:$K$500,"À faire") -> 0 | F10: =COUNTIF(='Tresorerie_Banques'!$K$7:$K$500,"N/A") -> 0 | G10: =COUNTIF(='Tresorerie_Banques'!$K$7:$K$500,"Anomalie") -> 0 | H10: =IFERROR(C10/(C10+D10+E10+G10),0) -> 0
A11: Immobilisations_Amort | B11: =COUNTA(='Immobilisations_Amort'!$A$7:$A$500) -> 0 | C11: =COUNTIF(='Immobilisations_Amort'!$K$7:$K$500,"OK") -> 0 | D11: =COUNTIF(='Immobilisations_Amort'!$K$7:$K$500,"En cours") -> 0 | E11: =COUNTIF(='Immobilisations_Amort'!$K$7:$K$500,"À faire") -> 0 | F11: =COUNTIF(='Immobilisations_Amort'!$K$7:$K$500,"N/A") -> 0 | G11: =COUNTIF(='Immobilisations_Amort'!$K$7:$K$500,"Anomalie") -> 0 | H11: =IFERROR(C11/(C11+D11+E11+G11),0) -> 0
A12: Stocks_WIP | B12: =COUNTA(='Stocks_WIP'!$A$7:$A$500) -> 0 | C12: =COUNTIF(='Stocks_WIP'!$K$7:$K$500,"OK") -> 0 | D12: =COUNTIF(='Stocks_WIP'!$K$7:$K$500,"En cours") -> 0 | E12: =COUNTIF(='Stocks_WIP'!$K$7:$K$500,"À faire") -> 0 | F12: =COUNTIF(='Stocks_WIP'!$K$7:$K$500,"N/A") -> 0 | G12: =COUNTIF(='Stocks_WIP'!$K$7:$K$500,"Anomalie") -> 0 | H12: =IFERROR(C12/(C12+D12+E12+G12),0) -> 0
A13: Paie_Charges_Sociales | B13: =COUNTA(='Paie_Charges_Sociales'!$A$7:$A$500) -> 0 | C13: =COUNTIF(='Paie_Charges_Sociales'!$K$7:$K$500,"OK") -> 0 | D13: =COUNTIF(='Paie_Charges_Sociales'!$K$7:$K$500,"En cours") -> 0 | E13: =COUNTIF(='Paie_Charges_Sociales'!$K$7:$K$500,"À faire") -> 0 | F13: =COUNTIF(='Paie_Charges_Sociales'!$K$7:$K$500,"N/A") -> 0 | G13: =COUNTIF(='Paie_Charges_Sociales'!$K$7:$K$500,"Anomalie") -> 0 | H13: =IFERROR(C13/(C13+D13+E13+G13),0) -> 0
A14: Fiscalite_TVA_IS | B14: =COUNTA(='Fiscalite_TVA_IS'!$A$7:$A$500) -> 0 | C14: =COUNTIF(='Fiscalite_TVA_IS'!$K$7:$K$500,"OK") -> 0 | D14: =COUNTIF(='Fiscalite_TVA_IS'!$K$7:$K$500,"En cours") -> 0 | E14: =COUNTIF(='Fiscalite_TVA_IS'!$K$7:$K$500,"À faire") -> 0 | F14: =COUNTIF(='Fiscalite_TVA_IS'!$K$7:$K$500,"N/A") -> 0 | G14: =COUNTIF(='Fiscalite_TVA_IS'!$K$7:$K$500,"Anomalie") -> 0 | H14: =IFERROR(C14/(C14+D14+E14+G14),0) -> 0
A15: Capitaux_Propres | B15: =COUNTA(='Capitaux_Propres'!$A$7:$A$500) -> 0 | C15: =COUNTIF(='Capitaux_Propres'!$K$7:$K$500,"OK") -> 0 | D15: =COUNTIF(='Capitaux_Propres'!$K$7:$K$500,"En cours") -> 0 | E15: =COUNTIF(='Capitaux_Propres'!$K$7:$K$500,"À faire") -> 0 | F15: =COUNTIF(='Capitaux_Propres'!$K$7:$K$500,"N/A") -> 0 | G15: =COUNTIF(='Capitaux_Propres'!$K$7:$K$500,"Anomalie") -> 0 | H15: =IFERROR(C15/(C15+D15+E15+G15),0) -> 0
A16: Emprunts_DettesFin | B16: =COUNTA(='Emprunts_DettesFin'!$A$7:$A$500) -> 0 | C16: =COUNTIF(='Emprunts_DettesFin'!$K$7:$K$500,"OK") -> 0 | D16: =COUNTIF(='Emprunts_DettesFin'!$K$7:$K$500,"En cours") -> 0 | E16: =COUNTIF(='Emprunts_DettesFin'!$K$7:$K$500,"À faire") -> 0 | F16: =COUNTIF(='Emprunts_DettesFin'!$K$7:$K$500,"N/A") -> 0 | G16: =COUNTIF(='Emprunts_DettesFin'!$K$7:$K$500,"Anomalie") -> 0 | H16: =IFERROR(C16/(C16+D16+E16+G16),0) -> 0
A17: Provisions_Engagements | B17: =COUNTA(='Provisions_Engagements'!$A$7:$A$500) -> 0 | C17: =COUNTIF(='Provisions_Engagements'!$K$7:$K$500,"OK") -> 0 | D17: =COUNTIF(='Provisions_Engagements'!$K$7:$K$500,"En cours") -> 0 | E17: =COUNTIF(='Provisions_Engagements'!$K$7:$K$500,"À faire") -> 0 | F17: =COUNTIF(='Provisions_Engagements'!$K$7:$K$500,"N/A") -> 0 | G17: =COUNTIF(='Provisions_Engagements'!$K$7:$K$500,"Anomalie") -> 0 | H17: =IFERROR(C17/(C17+D17+E17+G17),0) -> 0
A18: CutOff_CCA_FAE | B18: =COUNTA(='CutOff_CCA_FAE'!$A$7:$A$500) -> 0 | C18: =COUNTIF(='CutOff_CCA_FAE'!$K$7:$K$500,"OK") -> 0 | D18: =COUNTIF(='CutOff_CCA_FAE'!$K$7:$K$500,"En cours") -> 0 | E18: =COUNTIF(='CutOff_CCA_FAE'!$K$7:$K$500,"À faire") -> 0 | F18: =COUNTIF(='CutOff_CCA_FAE'!$K$7:$K$500,"N/A") -> 0 | G18: =COUNTIF(='CutOff_CCA_FAE'!$K$7:$K$500,"Anomalie") -> 0 | H18: =IFERROR(C18/(C18+D18+E18+G18),0) -> 0
A19: Intercos | B19: =COUNTA(='Intercos'!$A$7:$A$500) -> 0 | C19: =COUNTIF(='Intercos'!$K$7:$K$500,"OK") -> 0 | D19: =COUNTIF(='Intercos'!$K$7:$K$500,"En cours") -> 0 | E19: =COUNTIF(='Intercos'!$K$7:$K$500,"À faire") -> 0 | F19: =COUNTIF(='Intercos'!$K$7:$K$500,"N/A") -> 0 | G19: =COUNTIF(='Intercos'!$K$7:$K$500,"Anomalie") -> 0 | H19: =IFERROR(C19/(C19+D19+E19+G19),0) -> 0
A20: Ecritures_Inventaire | B20: =COUNTA(='Ecritures_Inventaire'!$A$7:$A$500) -> 0 | C20: =COUNTIF(='Ecritures_Inventaire'!$K$7:$K$500,"OK") -> 0 | D20: =COUNTIF(='Ecritures_Inventaire'!$K$7:$K$500,"En cours") -> 0 | E20: =COUNTIF(='Ecritures_Inventaire'!$K$7:$K$500,"À faire") -> 0 | F20: =COUNTIF(='Ecritures_Inventaire'!$K$7:$K$500,"N/A") -> 0 | G20: =COUNTIF(='Ecritures_Inventaire'!$K$7:$K$500,"Anomalie") -> 0 | H20: =IFERROR(C20/(C20+D20+E20+G20),0) -> 0
A22: Points d'attention (Anomalies restantes)
A23: Nombre total d'anomalies | B23: =SUM(G8:G20) -> 0

Sheet Annexes_Pieces
A1: Annexes & Pièces index (nomenclature)
A3: Réf. Dossier | B3: Description | C3: Cycle lié | D3: Fichier (chemin) | E3: Date | F3: Préparé par | G3: Revu par
A4: Réf. Dossier | B4: Description | C4: Cycle lié | D4: Fichier (chemin) | E4: Date | F4: Préparé par | G4: Revu par
